 Dungeon Crawl Stone Soup version 0.21.1-1-g345015fe64 (webtiles) character file.

94 Rrauwl the Poker (level 4, -5/33 HPs)
             Began as a Merfolk Gladiator on Feb 11, 2018.
             Was an Initiate of Ashenzari.
             Killed from afar by goremand's ghost (19 damage)
             ... with a stone arrow
             ... on level 3 of the Dungeon.
             The game lasted 00:05:49 (1821 turns).

Rrauwl the Poker (Merfolk Gladiator)                Turns: 1821, Time: 00:05:50

Health: -5/33      AC:  8    Str: 15    XL:     4   Next: 63%
Magic:  4/4        EV: 13    Int:  7    God:    Ashenzari [......]
Gold:   94         SH:  0    Dex: 15    Spells: 3/3 levels left

rFire    + . .     SeeInvis .   a - +0 trident
rCold    . . .     Gourm    .   (no shield)
rNeg     . . .     Faith    .   f - +0 ring mail
rPois    .         Spirit   .   (helmet restricted)
rElec    .         Reflect  .   h - +0 cloak
rCorr    .         Harm     .   (no gloves)
MR       .....                  (no boots)
Stlth    +.........             (no amulet)
HPRegen  0.11/turn              (no ring)
MPRegen  0.09/turn              (no ring)

@: berserk cooldown, slowed, very slow
A: change form in water, swift swim, stealthy swim, beak, iridescent scales 1,
fire resistance 1, wild magic 1
a: Curse Item, Renounce Religion


You were on level 3 of the Dungeon.
You worshipped Ashenzari.
Ashenzari was noncommittal.
You were not hungry.

You visited 1 branch of the dungeon, and saw 3 of its levels.

You collected 94 gold pieces.

Inventory:

Hand Weapons
 a - a +0 trident (weapon)
 c - a +2 quarterstaff of chaos
Missiles
 d - 3 throwing nets (quivered)
Armour
 b - a +0 helmet
 f - a +0 ring mail (worn)
 h - a +0 cloak (worn)
Scrolls
 g - 2 scrolls of identify
 i - 3 scrolls of remove curse
Potions
 j - 2 potions of curing
 l - a potion of berserk rage
Comestibles
 e - 6 rations
 k - a chunk of flesh


   Skills:
 - Level 2.1 Fighting
 + Level 5.6 Polearms
 - Level 2.0 Throwing
 + Level 1.5 Armour
 + Level 5.1 Dodging


You had 3 spell levels left.
You didn't know any spells.

Dungeon Overview and Level Annotations

Branches:
Dungeon (3/15)

Altars:
Ashenzari
Hepliaklqana
Sif Muna
Wu Jian

Annotations:
D:3 goremand's ghost, amateur GrEE


Innate Abilities, Weirdness & Mutations

You revert to your normal form in water.
You are very nimble and swift while swimming.
You are very stealthy in the water. (Stealth+)
You have a beak for a mouth.
You are partially covered in iridescent scales. (AC +2)
Your flesh is heat resistant. (rF+)
Your spells are a little harder to cast, but a little more powerful.


Message History

The blast of sand hits you! The dart slug launches a dart at you.
The slug dart hits you!
You closely miss goremand's ghost. Goremand's ghost hits you.
* * * LOW HITPOINT WARNING * * *
Some of the chunks of flesh in your inventory have rotted away.
You feel better. Goremand's ghost misses you.
Goremand's ghost hits you but does no damage.
You hit goremand's ghost.
Goremand's ghost is lightly damaged.
Goremand's ghost barely misses you.
You closely miss goremand's ghost.
You peck goremand's ghost, but do no damage.
Goremand's ghost is lightly damaged.
Goremand's ghost gestures at you while chanting.
The blast of sand misses you.
Goremand's ghost gestures at you while chanting.
The stone arrow hits you!
Ouch! That really hurt!
You die...

##...##
#.....#
#......
#.....## #
#......##.# #.
#......##..
#.###......'..
#..#Ww....##..
#@##.####
#.#### #.# #.#
###.###
#.....#
#.###.#######
#. #<....... #
#.######.


You could see goremand's ghost and a dart slug.

Vanquished Creatures
  Crazy Yiuf (D:2)
  An adder (D:2)
  2 oozes (D:1)
  3 dart slugs (D:1)
  4 leopard geckos
  2 bats (D:1)
  5 giant cockroaches
  5 goblins
  6 hobgoblins (D:1)
  A ball python (D:2)
  2 frilled lizards (D:2)
  A kobold (D:1)
  4 rats
37 creatures vanquished.

Notes
Turn   | Place    | Note
-------+----------+-------------------------------------------
     0 | D:1      | Rrauwl the Merfolk Gladiator began the quest for the Orb.
     0 | D:1      | Reached XP level 1. HP: 16/16 MP: 1/1
   117 | D:1      | Reached XP level 2. HP: 17/22 MP: 2/2
   454 | D:1      | Reached skill level 5 in Polearms
   454 | D:1      | Reached XP level 3. HP: 19/27 MP: 3/3
   476 | D:1      | Reached skill level 1 in Armour
   857 | D:2      | Reached XP level 4. HP: 17/33 MP: 4/4
  1205 | D:2      | Gained mutation: You are partially covered in iridescent scales. (AC +2) [potion of mutation]
  1205 | D:2      | Gained mutation: Your flesh is heat resistant. (rF+) [potion of mutation]
  1205 | D:2      | Gained mutation: You have a beak for a mouth. [potion of mutation]
  1205 | D:2      | Gained mutation: Your spells are a little harder to cast, but a little more powerful. [potion of mutation]
  1323 | D:2      | Found a deep blue altar of Sif Muna.
  1342 | D:2      | Found a runed door.
  1347 | D:2      | Noticed Crazy Yiuf
  1353 | D:2      | Killed Crazy Yiuf
  1353 | D:2      | Reached skill level 5 in Dodging
  1518 | D:2      | Found a hazy altar of Hepliaklqana.
  1623 | D:2      | Found a shattered altar of Ashenzari.
  1633 | D:2      | Became a worshipper of Ashenzari the Shackled
  1754 | D:2      | Found an ornate altar of the Wu Jian Council.
  1811 | D:3      | Noticed goremand's ghost (amateur GrEE)
  1821 | D:3      | Killed from afar by goremand's ghost

Skill      XL: |  1  2  3  4 |
---------------+-------------+-----
Polearms       | 5 |  5.6
Armour         | 1 |  1.5
Dodging        | 5 |  5.1
Fighting       | |  2.1
Throwing       | |  2.0

Action                   |  1- 3 |  4- 6 || total
-------------------------+-------+-------++-------
Melee: Trident           |   123 |    29 ||   152
       Peck              |       |     2 ||     2
  Use: Scroll            |     6 |     2 ||     8
       Potion            |     1 |     5 ||     6
 Stab: Sleeping          |       |     1 ||     1
  Eat: Ration            |       |     1 ||     1
       Chunk             |       |     1 ||     1
Armor: Ring mail         |    27 |     7 ||    34
Dodge: Dodged            |    64 |    13 ||    77
